MLB
COLORADO ROCKIES @ CHICAGO WHITE SOX
10/28/2024
 
TOP OF THE 1ST
Colorado Rockies batting - Pitching for Chicago White Sox : RHP Charlie Morton
Pitching: RHP Charlie Morton
Batting: RHB Trea Turner 0-0: Ball
1-0: Ball
2-0: Called Strike
2-1: Called Strike
2-2: Ball
3-2: Fly out, F9 (Flyball, 9S, EV 89.4 MPH)
Batting: LHB Joey Gallo 0-0: Foul Ball, location: 25F
0-1: Swinging Strike
0-2: Foul Ball, location: 23F
0-2: Foul Ball, location: 2F
0-2: Strikes out swinging
Batting: LHB Michael Harris 0-0: Called Strike
0-1: Ground out 4-3 (Groundball, 4D, EV 85.0 MPH)
Top of the 1st over - 0 runs, 0 hits, 0 errors, 0 left on base; Colorado 0 - Chicago 0
BOTTOM OF THE 1ST
Chicago White Sox batting - Pitching for Colorado Rockies : RHP Triston McKenzie
Pitching: RHP Triston McKenzie
Batting: LHB Jason Heyward 0-0: Ball
1-0: SINGLE (Line Drive, 89S, EV 100.0 MPH)
Batting: LHB Brandon Belt 0-0: Swinging Strike
0-1: Foul Ball, location: 3FF
0-2: Ball
1-2: Strikes out swinging
Batting: SHB Ozhaino Albies 0-0: Foul Ball, location: 25F
0-1: Ball
1-1: Ball
2-1: Fly out, F7 (Flyball, 78D, EV 103.1 MPH)
Batting: RHB Luis Robert 0-0: Foul Ball, location: 23FF
0-1: Swinging Strike
0-2: Ball
1-2: Ball
2-2: Ball
3-2: Strikes out swinging
Bottom of the 1st over - 0 runs, 1 hit, 0 errors, 1 left on base; Colorado 0 - Chicago 0
TOP OF THE 2ND
Colorado Rockies batting - Pitching for Chicago White Sox : RHP Charlie Morton
Batting: SHB Cal Raleigh 0-0: Swinging Strike
0-1: SINGLE (Line Drive, 9S, EV 103.1 MPH)
Batting: RHB Byron Buxton 0-0: Called Strike
0-1: Ball
1-1: Called Strike
1-2: Ball
2-2: Ball
3-2: Strikes out swinging
Batting: LHB Dan Vogelbach 0-0: SINGLE (Line Drive, 89S, EV 100.0 MPH)
Cal Raleigh to second
Batting: LHB Ryan McMahon 0-0: Ball
1-0: Fly out, F9 (Flyball, 89S, EV 93.8 MPH)
Batting: SHB Patrick Bailey 0-0: Ball
1-0: Called Strike
1-1: Ball
2-1: Ball
3-1: Swinging Strike
3-2: Base on Balls
Cal Raleigh to third
Dan Vogelbach to second
Batting: RHB Eugenio Suarez 0-0: Called Strike
0-1: Ball
1-1: Fly out, F7 (Flyball, 7LS, EV 95.6 MPH)
Top of the 2nd over - 0 runs, 2 hits, 0 errors, 3 left on base; Colorado 0 - Chicago 0
BOTTOM OF THE 2ND
Chicago White Sox batting - Pitching for Colorado Rockies : RHP Triston McKenzie
Batting: RHB Eloy Jimenez 0-0: Called Strike
0-1: Foul Ball, location: 7LMF
0-2: Strikes out swinging, 2-3 out at first.
Batting: LHB T.J. Friedl 0-0: Ball
1-0: SINGLE (Groundball, 6D, EV 98.1 MPH)
Batting: RHB Francisco Alvarez 0-0: Called Strike
0-1: Called Strike
0-2: Foul Ball, location: 2F
0-2: Strikes out looking
Batting: RHB Jake Burger 0-0: Called Strike
0-1: 2-RUN HOME RUN (Flyball, 7D, EV 97.5 MPH), Distance : 368 ft
Batting: RHB Carlos Correa 0-0: Ball
1-0: SINGLE (Line Drive, 9S, EV 91.3 MPH)
Batting: LHB Jason Heyward 0-0: Swinging Strike
0-1: Foul Ball, location: 2F
0-2: Strikes out swinging
Bottom of the 2nd over - 2 runs, 3 hits, 0 errors, 1 left on base; Colorado 0 - Chicago 2
TOP OF THE 3RD
Colorado Rockies batting - Pitching for Chicago White Sox : RHP Charlie Morton
Pitching: RHP Bryan Woo
Batting: RHB Trea Turner 0-0: Called Strike
0-1: Ball
1-1: Ball
2-1: Foul Ball, location: 2F
2-2: Strikes out swinging
Batting: LHB Joey Gallo 0-0: Ball
1-0: Called Strike
1-1: Called Strike
1-2: Ball
2-2: Foul Ball, location: 2LF
2-2: Ball
3-2: Foul Ball, location: 3F
3-2: Base on Balls
Batting: LHB Michael Harris 0-0: Ball
1-0: Ground out 6-3 (Groundball, 6S, EV 63.8 MPH)
Joey Gallo to second
Batting: SHB Cal Raleigh 0-0: Called Strike
0-1: Ball
1-1: Swinging Strike
1-2: SINGLE (Flyball, 56D, EV 96.3 MPH)
Joey Gallo to third
Batting: RHB Byron Buxton 0-0: Called Strike
0-1: Foul Ball, location: 7LSF
0-2: Strikes out looking
Top of the 3rd over - 0 runs, 1 hit, 0 errors, 2 left on base; Colorado 0 - Chicago 2
BOTTOM OF THE 3RD
Chicago White Sox batting - Pitching for Colorado Rockies : RHP Triston McKenzie
Batting: LHB Brandon Belt 0-0: Ball
1-0: Called Strike
1-1: Swinging Strike
1-2: Foul Ball, location: 2F
1-2: Strikes out swinging
Batting: SHB Ozhaino Albies 0-0: Swinging Strike
0-1: Called Strike
0-2: Ball
1-2: Foul Ball, location: 2F
1-2: Ball
2-2: Foul Ball, location: 2LF
2-2: Ball
3-2: Ground out 1-3 (Groundball, 13S, EV 75.0 MPH)
Batting: RHB Luis Robert 0-0: Called Strike
0-1: Ball
1-1: Ball
2-1: Ball
3-1: Ground out 6-3 (Groundball, 6, EV 88.8 MPH)
Bottom of the 3rd over - 0 runs, 0 hits, 0 errors, 0 left on base; Colorado 0 - Chicago 2
TOP OF THE 4TH
Colorado Rockies batting - Pitching for Chicago White Sox : RHP Bryan Woo
Batting: LHB Dan Vogelbach 0-0: Foul Ball, location: 2F
0-1: Ball
1-1: SOLO HOME RUN (Flyball, 9D, EV 98.1 MPH), Distance : 362 ft
Batting: LHB Ryan McMahon 0-0: Called Strike
0-1: Ball
1-1: Ball
2-1: Ball
3-1: Called Strike
3-2: Base on Balls
Batting: SHB Patrick Bailey 0-0: Called Strike
0-1: Ball
1-1: Swinging Strike
1-2: Ball
2-2: Foul Ball, location: 3DF
2-2: Foul Ball, location: 23F
2-2: Ball
3-2: Base on Balls
Ryan McMahon to second
Pitching: RHP Steven Wilson
Batting: RHB Eugenio Suarez 0-0: Swinging Strike
0-1: Ball
1-1: Ball
2-1: Called Strike
2-2: Strikes out swinging
Batting: RHB Trea Turner 0-0: Foul Ball, location: 2F
0-1: Called Strike
0-2: Foul Ball, location: 9LSF
0-2: Ball
1-2: Ball
2-2: Ball
3-2: Ground out 6-3 (Groundball, 6MS, EV 72.5 MPH)
Ryan McMahon to third
Patrick Bailey to second
Batting: LHB Joey Gallo 0-0: Ball
1-0: Foul Ball, location: 7LSF
1-1: Ball
2-1: Fly out, F5 (Popup, 25F, EV 88.8 MPH)
Top of the 4th over - 1 run, 1 hit, 0 errors, 2 left on base; Colorado 1 - Chicago 2
BOTTOM OF THE 4TH
Chicago White Sox batting - Pitching for Colorado Rockies : RHP Triston McKenzie
Batting: RHB Eloy Jimenez 0-0: Swinging Strike
0-1: Ball
1-1: Foul Ball, location: 2F
1-2: Ball
2-2: Foul Ball, location: 7LSF
2-2: Ball
3-2: Fly out, F7 (Flyball, 7D, EV 103.8 MPH)
Batting: LHB T.J. Friedl 0-0: Ball
1-0: Called Strike
1-1: Ground out 6-3 (Groundball, 6, EV 87.5 MPH)
Batting: RHB Francisco Alvarez 0-0: Called Strike
0-1: Ball
1-1: Ball
2-1: Foul Ball, location: 5DF
2-2: Foul Ball, location: 7LSF
2-2: Fly out, F8 (Flyball, 8RD, EV 88.8 MPH)
Bottom of the 4th over - 0 runs, 0 hits, 0 errors, 0 left on base; Colorado 1 - Chicago 2
TOP OF THE 5TH
Colorado Rockies batting - Pitching for Chicago White Sox : RHP Steven Wilson
Batting: LHB Michael Harris 0-0: Ball
1-0: Fly out, F7 (Line Drive, 7, EV 98.8 MPH)
Batting: SHB Cal Raleigh 0-0: Ball
1-0: Called Strike
1-1: Ball
2-1: Swinging Strike
2-2: Ball
3-2: Strikes out swinging
Batting: RHB Byron Buxton 0-0: Called Strike
0-1: Called Strike
0-2: Ball
1-2: Ball
2-2: TRIPLE (Groundball, 5L, EV 105.0 MPH)
Pitching: RHP Mark Leiter
Batting: LHB Dan Vogelbach 0-0: Ball
1-0: Ball
2-0: Ball
3-0: Called Strike
3-1: Foul Ball, location: 2F
3-2: Fly out, F9 (Flyball, 9, EV 92.5 MPH)
Top of the 5th over - 0 runs, 1 hit, 0 errors, 1 left on base; Colorado 1 - Chicago 2
BOTTOM OF THE 5TH
Chicago White Sox batting - Pitching for Colorado Rockies : RHP Triston McKenzie
Batting: RHB Jake Burger 0-0: Swinging Strike
0-1: Foul Ball, location: 9LDF
0-2: Ball
1-2: Foul Ball, location: 2F
1-2: Ground out 6-3 (Groundball, 6, EV 101.9 MPH)
Batting: RHB Carlos Correa 0-0: Ball
1-0: Fly out, F8 (Flyball, 8RM, EV 95.0 MPH)
Batting: LHB Jason Heyward 0-0: Ball
1-0: Foul Ball, location: 2F
1-1: Foul Ball, location: 2F
1-2: Ball
2-2: Foul Ball, location: 2F
2-2: SINGLE (Line Drive, 8RS, EV 92.5 MPH)
Batting: LHB Brandon Belt 0-0: Ball
1-0: Ball
2-0: Foul Ball, location: 2F
2-1: Ball
3-1: Foul Ball, location: 2F
3-2: SINGLE (Groundball, 6MD, EV 102.5 MPH)
Jason Heyward to second
Jason Heyward to third
Batting: SHB Ozhaino Albies 0-0: Called Strike
0-1: Ball
1-1: Called Strike
1-2: Ball
2-2: Ball
3-2: Base on Balls
Brandon Belt to second
Pitching: RHP Zack Littell
Batting: RHB Luis Robert 0-0: Ball
1-0: Ball
2-0: Ball
3-0: Called Strike
3-1: Called Strike
3-2: Fly out, F2 (Popup, 2RF, EV 88.8 MPH)
Bottom of the 5th over - 0 runs, 2 hits, 0 errors, 3 left on base; Colorado 1 - Chicago 2
TOP OF THE 6TH
Colorado Rockies batting - Pitching for Chicago White Sox : RHP Mark Leiter
Pitching: LHP Garrett Cleavinger
Pinch Hitting: RHB Jose Miranda 0-0: Ball
1-0: Called Strike
1-1: Ball
2-1: Ground out 4-3 (Groundball, 4M, EV 78.1 MPH)
Batting: SHB Patrick Bailey 0-0: Foul Ball, location: 3F
0-1: Ball
1-1: Ball
2-1: Ball
3-1: Foul Ball, location: 3F
3-2: Strikes out swinging
Batting: RHB Eugenio Suarez 0-0: Ball
1-0: Called Strike
1-1: Swinging Strike
1-2: Ball
2-2: Strikes out swinging
Top of the 6th over - 0 runs, 0 hits, 0 errors, 0 left on base; Colorado 1 - Chicago 2
BOTTOM OF THE 6TH
Chicago White Sox batting - Pitching for Colorado Rockies : RHP Zack Littell
Now at 3B: Jose Miranda
Batting: RHB Eloy Jimenez 0-0: Ball
1-0: Foul Ball, location: 2F
1-1: Foul Ball, location: 5FF
1-2: Fly out, F8 (Flyball, 8RM, EV 90.0 MPH)
Batting: LHB T.J. Friedl 0-0: Ground out 6-3 (Groundball, 6, EV 105.0 MPH)
Batting: RHB Francisco Alvarez 0-0: Called Strike
0-1: Called Strike
0-2: Ball
1-2: Ball
2-2: Fly out, F8 (Flyball, 8LD, EV 106.9 MPH)
Bottom of the 6th over - 0 runs, 0 hits, 0 errors, 0 left on base; Colorado 1 - Chicago 2
TOP OF THE 7TH
Colorado Rockies batting - Pitching for Chicago White Sox : LHP Garrett Cleavinger
Pitching: RHP Jordan Romano
Batting: RHB Trea Turner 0-0: Swinging Strike
0-1: Ball
1-1: Ball
2-1: Foul Ball, location: 2F
2-2: Strikes out looking
Batting: LHB Joey Gallo 0-0: Fly out, F7 (Flyball, 78M, EV 107.5 MPH)
Batting: LHB Michael Harris 0-0: Ball
1-0: Ball
2-0: Foul Ball, location: 2F
2-1: SINGLE (Line Drive, 4MD, EV 95.6 MPH)
Batting: SHB Cal Raleigh 0-0: Fly out, F4 (Popup, 34D, EV 56.9 MPH)
Top of the 7th over - 0 runs, 1 hit, 0 errors, 1 left on base; Colorado 1 - Chicago 2
BOTTOM OF THE 7TH
Chicago White Sox batting - Pitching for Colorado Rockies : RHP Zack Littell
Pitching: RHP Trevor Gott
Batting: RHB Jake Burger 0-0: Called Strike
0-1: Ground out 5-3 (Groundball, 5, EV 84.4 MPH)
Batting: RHB Carlos Correa 0-0: Fly out, F7 (Flyball, 7D, EV 105.6 MPH)
Batting: LHB Jason Heyward 0-0: Called Strike
0-1: Foul Ball, location: 2F
0-2: Strikes out swinging
Bottom of the 7th over - 0 runs, 0 hits, 0 errors, 0 left on base; Colorado 1 - Chicago 2
TOP OF THE 8TH
Colorado Rockies batting - Pitching for Chicago White Sox : RHP Jordan Romano
Now at 3B: Niko Goodrum
Batting: RHB Byron Buxton 0-0: Foul Ball, location: 5FF
0-1: Swinging Strike
0-2: Ball
1-2: Ball
2-2: Strikes out swinging
Batting: LHB Dan Vogelbach 0-0: Called Strike
0-1: Ball
1-1: Ball
2-1: Ball
3-1: Called Strike
3-2: Strikes out swinging
Pitching: LHP Cole Ragans
Batting: RHB Jose Miranda 0-0: Foul Ball, location: 9LSF
0-1: Ball
1-1: Called Strike
1-2: Strikes out swinging
Top of the 8th over - 0 runs, 0 hits, 0 errors, 0 left on base; Colorado 1 - Chicago 2
BOTTOM OF THE 8TH
Chicago White Sox batting - Pitching for Colorado Rockies : RHP Trevor Gott
Batting: LHB Brandon Belt 0-0: Ball
1-0: Swinging Strike
1-1: Fly out, F7 (Line Drive, 78M, EV 90.6 MPH)
Batting: SHB Ozhaino Albies 0-0: Called Strike
0-1: Fly out, F3 (Popup, 3, EV 63.8 MPH)
Batting: RHB Luis Robert 0-0: Called Strike
0-1: Fly out, F8 (Flyball, 78XD, EV 82.5 MPH)
Bottom of the 8th over - 0 runs, 0 hits, 0 errors, 0 left on base; Colorado 1 - Chicago 2
TOP OF THE 9TH
Colorado Rockies batting - Pitching for Chicago White Sox : LHP Cole Ragans
Pitching: RHP Joe Jimenez
Batting: SHB Patrick Bailey 0-0: Ball
1-0: Called Strike
1-1: Ball
2-1: Foul Ball, location: 2F
2-2: Ball
3-2: Fly out, F7 (Flyball, 7LSF, EV 94.4 MPH)
Batting: RHB Eugenio Suarez 0-0: Called Strike
0-1: Ball
1-1: SOLO HOME RUN (Flyball, 7LD, EV 97.5 MPH), Distance : 349 ft
Batting: RHB Trea Turner 0-0: Foul Ball, location: 5SF
0-1: Ball
1-1: Called Strike
1-2: Ball
2-2: Foul Ball, location: 9LDF
2-2: Fly out, F9 (Flyball, 89M, EV 89.4 MPH)
Batting: LHB Joey Gallo 0-0: Foul Ball, location: 2F
0-1: Ball
1-1: Called Strike
1-2: Ball
2-2: Strikes out looking
Top of the 9th over - 1 run, 1 hit, 0 errors, 0 left on base; Colorado 2 - Chicago 2
BOTTOM OF THE 9TH
Chicago White Sox batting - Pitching for Colorado Rockies : RHP Trevor Gott
Pitching: RHP Raisel Iglesias
Batting: RHB Eloy Jimenez 0-0: Called Strike
0-1: SINGLE (Groundball, 4MD, EV 100.0 MPH)
Batting: LHB T.J. Friedl 0-0: Fly out, F9 (Flyball, 89S, EV 85.6 MPH)
Batting: RHB Francisco Alvarez 0-0: Called Strike
0-1: Fly out, F7 (Flyball, 7D, EV 84.4 MPH)
Batting: SHB Niko Goodrum 0-0: Swinging Strike
0-1: Ball
1-1: Foul Ball, location: 9LSF
1-2: Ball
2-2: Strikes out looking
Bottom of the 9th over - 0 runs, 1 hit, 0 errors, 1 left on base; Colorado 2 - Chicago 2
TOP OF THE 10TH
Colorado Rockies batting - Pitching for Chicago White Sox : RHP Joe Jimenez
Batting: LHB Michael Harris 0-0: Swinging Strike
0-1: Foul Ball, location: 7LMF
0-2: Ball
1-2: Ball
2-2: Foul Ball, location: 2F
2-2: Strikes out swinging
Batting: SHB Cal Raleigh 0-0: Ball
1-0: Called Strike
1-1: Swinging Strike
1-2: Ground out U3 (Groundball, 34, EV 93.1 MPH)
Pitching: RHP Sean Reid-Foley
Batting: RHB Byron Buxton 0-0: Swinging Strike
0-1: Swinging Strike
0-2: Foul Ball, location: 2F
0-2: Ball
1-2: Strikes out swinging
Top of the 10th over - 0 runs, 0 hits, 0 errors, 0 left on base; Colorado 2 - Chicago 2
BOTTOM OF THE 10TH
Chicago White Sox batting - Pitching for Colorado Rockies : RHP Raisel Iglesias
Batting: RHB Carlos Correa 0-0: Ball
1-0: Ball
2-0: Foul Ball, location: 3SF
2-1: Foul Ball, location: 2F
2-2: Strikes out swinging
Batting: LHB Jason Heyward 0-0: Ground out 4-3 (Groundball, 34D, EV 94.4 MPH)
Batting: LHB Brandon Belt 0-0: Ball
1-0: Ball
2-0: Ground out U3 (Groundball, 34S, EV 85.6 MPH)
Bottom of the 10th over - 0 runs, 0 hits, 0 errors, 0 left on base; Colorado 2 - Chicago 2
TOP OF THE 11TH
Colorado Rockies batting - Pitching for Chicago White Sox : RHP Sean Reid-Foley
Batting: LHB Dan Vogelbach 0-0: Foul Ball, location: 23F
0-1: Ball
1-1: Ball
2-1: Ball
3-1: Base on Balls
Batting: RHB Jose Miranda 0-0: Foul Ball, location: 3FF
0-1: Ground out 5-3 (Groundball, 56, EV 98.1 MPH)
Dan Vogelbach to second
Batting: SHB Patrick Bailey 0-0: Ball
1-0: Ground out 6-3 (Groundball, 6, EV 88.1 MPH)
Batting: RHB Eugenio Suarez 0-0: Called Strike
0-1: Foul Ball, location: 7LMF
0-2: Ball
1-2: Strikes out swinging
Top of the 11th over - 0 runs, 0 hits, 0 errors, 1 left on base; Colorado 2 - Chicago 2
BOTTOM OF THE 11TH
Chicago White Sox batting - Pitching for Colorado Rockies : RHP Raisel Iglesias
Batting: SHB Ozhaino Albies 0-0: Ground out 3-1 (Groundball, 34S, EV 86.9 MPH)
Batting: RHB Luis Robert 0-0: Called Strike
0-1: Ball
1-1: Ball
2-1: Foul Ball, location: 25F
2-2: Ball
3-2: Strikes out swinging
Batting: RHB Eloy Jimenez 0-0: Ball
1-0: Ball
2-0: Foul Ball, location: 3SF
2-1: Called Strike
2-2: Ball
3-2: Base on Balls
Pitching: LHP A.J. Puk
Pinch Hitting: RHB Jose Garcia 0-0: Called Strike
0-1: Called Strike
0-2: Ball
1-2: Strikes out looking
Bottom of the 11th over - 0 runs, 0 hits, 0 errors, 1 left on base; Colorado 2 - Chicago 2
TOP OF THE 12TH
Colorado Rockies batting - Pitching for Chicago White Sox : RHP Sean Reid-Foley
Now in LF: Jason Heyward
Now in RF: Jose Garcia
Batting: RHB Trea Turner 0-0: Ball
1-0: Ball
2-0: Ball
3-0: Base on Balls
Batting: LHB Joey Gallo 0-0: Ball
Trea Turner steals 2nd base (no throw)
1-0: SINGLE (Line Drive, 8LS, EV 95.6 MPH)
Trea Turner to third
Runner from 3rd tries for Home, SAFE, throw by CF to home
Batting: LHB Michael Harris 0-0: Swinging Strike
0-1: Ball
1-1: Ball
2-1: Foul Ball, location: 2F
2-2: Ball
3-2: Strikes out swinging
Batting: SHB Cal Raleigh 0-0: Called Strike
0-1: Swinging Strike
0-2: Strikes out looking
Pitching: RHP Kevin Ginkel
Batting: RHB Byron Buxton 0-0: Ball
1-0: Swinging Strike
1-1: Foul Ball, location: 2F
1-2: Strikes out swinging
Top of the 12th over - 1 run, 1 hit, 0 errors, 1 left on base; Colorado 3 - Chicago 2
BOTTOM OF THE 12TH
Chicago White Sox batting - Pitching for Colorado Rockies : LHP A.J. Puk
Now at 1B: Jose Miranda
Now at 3B: Davis Schneider
Batting: RHB Francisco Alvarez 0-0: Swinging Strike
0-1: Swinging Strike
0-2: Ball
1-2: Strikes out swinging
Batting: SHB Niko Goodrum 0-0: Called Strike
0-1: Ball
1-1: Ball
2-1: Ball
3-1: Base on Balls
Batting: RHB Carlos Correa 0-0: Ball
1-0: Called Strike
1-1: Swinging Strike
1-2: Ball
2-2: Ball
3-2: Strikes out swinging
Pinch Hitting: SHB Carlos Santana 0-0: Ball
1-0: Foul Ball, location: 2F
1-1: Called Strike
1-2: Ball
2-2: Fielders Choice at 2nd, 6-4 (Groundball, 6D, EV 100.0 MPH)
Bottom of the 12th over - 0 runs, 0 hits, 0 errors, 1 left on base; Colorado 3 - Chicago 2
Sunday, October 27th , 2024 - OOTP Baseball 25.9 Build 91